Map: [ESL] Moondance

Players

gumiho - Winner!

  • Race: Terran Terran
  • Spawn Location: 6:00

NightMare

  • Race: Protoss Protoss
  • Spawn Location: 12:00

Event: HomeStory Cup XXII

VOD

Have the link to the VOD?

Description

Time

  • Played on: Dec. 15, 2022, 12:15 p.m.
  • Length: 10:24

All games in this series

Show
View Real Time Build Order
Export as new Build Order

gumiho Terran - Winner!

Build Orders:  

Get SALT Encoding   

  12  0:00  SCV  
  13  0:12  SCV  
  14  0:17  Supply Depot  
  14  0:24  SCV  
  15  0:38  SCV  
  15  0:39  Barracks  
  16  0:44  Refinery  
  16  0:50  SCV  
  16  0:53  Refinery  
  17  1:02  SCV  
  18  1:15  SCV  
  19  1:27  Reaper, Orbital Command  
  20  1:40  Factory  
  20  1:46  Supply Depot  
  20  1:52  SCV  
  21  2:04  SCV  
  22  2:09  Barracks Reactor  
  22  2:16  Command Center  
  22  2:18  SCV  
  23  2:30  SCV  
  23  2:31  Starport  
  23  2:36  Widow Mine  
  26  2:40  Supply Depot  
  26  2:42  SCV  
  27  2:45  Marine  
  27  2:46  Marine  
  29  2:54  SCV  
  30  3:02  Widow Mine  
  32  3:06  SCV  
  32  3:08  Marine x2  
  32  3:09  Medivac  
  37  3:18  SCV  
  38  3:26  Marine  
  39  3:27  Marine  
  39  3:29  Factory Tech Lab  
  39  3:30  Refinery  
  39  3:32  SCV  
  41  3:40  Starport Tech Lab  
  41  3:45  SCV  
  41  3:48  Marine x2  
  44  3:49  Siege Tank  
  44  3:50  Orbital Command  
  47  3:57  Supply Depot, SCV  
  48  4:05  Raven  
  48  4:07  Marine  
  48  4:08  Marine  
  52  4:11  SCV  
  53  4:21  SCV  
  53  4:23  SCV  
  55  4:25  Marine x2  
  55  4:28  Siege Tank  
  58  4:35  Bunker  
  58  4:41  Supply Depot  
  58  4:43  SCV x2, Marine x2  
  61  4:54  Barracks  
  61  4:55  SCV  
  62  5:00  Supply Depot  
  62  5:02  Marine x2  
  62  5:03  SCV  
  65  5:10  Engineering Bay  
  65  5:12  Siege Tank  
  69  5:14  SCV  
  69  5:15  SCV  
  70  5:21  Marine  
  70  5:22  Marine  
  70  5:26  SCV  
  70  5:27  SCV  
  70  5:38  SCV  
  70  5:39  SCV, Marine x2  
  74  5:43  Barracks  
  74  5:44  Siege Tank  
  74  5:47  Terran Infantry Weapons Level 1  
  74  5:49  Stimpack  
  77  5:50  SCV  
  78  5:59  Supply Depot  
  78  6:00  Supply Depot, SCV  
  78  6:02  SCV, Marine x2  
  82  6:04  Starport Reactor  
  80  6:12  SCV  
  80  6:16  Siege Tank  
  80  6:18  SCV  
  82  6:24  SCV  
  83  6:26  Marine x3  
  83  6:30  SCV  
  83  6:31  Supply Depot x2  
  87  6:36  SCV  
  87  6:37  Barracks Tech Lab  
  86  6:44  Marauder, Marine x2  
  86  6:45  SCV  
  91  6:48  SCV, Siege Tank  
  91  6:53  Supply Depot  
  91  6:57  SCV  
  91  6:59  Supply Depot  
  88  7:06  Marauder  
  89  7:11  Marauder  
  89  7:15  Marine x2  
  91  7:21  SCV x2  
  95  7:23  Command Center  
  95  7:27  Marauder  
  97  7:32  Marauder  
  97  7:33  Marine  
  100  7:40  Marine  
  101  7:48  Medivac  
  101  7:49  Medivac, Marauder  
  101  7:51  Marine  
  98  7:54  Marauder  
  98  7:58  SCV x2, Marine  
  91  8:06  Barracks x2  
  91  8:09  Marine  
  91  8:10  SCV, Marauder  
  97  8:13  SCV, Widow Mine  
  97  8:15  Marauder  
  100  8:22  SCV  
  100  8:23  Medivac x2  
  100  8:25  SCV  
  104  8:31  Marauder  
  104  8:32  Marine x2  
  102  8:34  SCV  
  102  8:36  Marauder  
  102  8:37  SCV, Combat Shield  
  102  8:40  Widow Mine  
  108  8:43  Orbital Command  
  108  8:48  SCV  
  109  8:49  SCV  
  109  8:53  Refinery, Marauder  
  112  8:55  Concussive Shells  
  112  8:56  Barracks Reactor, Barracks Tech Lab, Marine  
  112  8:57  Marine  
  112  8:59  Viking  
  116  9:03  Marauder  
  118  9:14  Marauder, Marine x2  
  118  9:15  SCV x3  
  125  9:18  Viking  
  125  9:20  Marine  
  125  9:21  Widow Mine  
  130  9:24  Marauder  
  131  9:32  Marine x2  
  131  9:36  Marauder  
  131  9:37  Marine x3  
  134  9:45  Marine  
  134  9:50  Medivac x2, Marine x2  
  140  9:55  Marine x2  
  140  9:56  Marauder  
  140  9:57  Marauder  
Show
View Real Time Build Order
Export as new Build Order

NightMare Protoss 

Build Orders: 1 Gate Expand, Blink Stalkers 

Get SALT Encoding   

  12  0:01  Probe  
  13  0:13  Probe  
  14  0:16  Pylon  
  14  0:25  Probe (Chrono Boost)  
  15  0:37  Gateway, Probe (Chrono Boost)  
  16  0:45  Probe (Chrono Boost)  
  16  0:46  Assimilator  
  17  0:56  Probe  
  18  1:08  Probe  
  19  1:20  Probe  
  19  1:23  Cybernetics Core  
  22  1:35  Nexus  
  22  1:39  Pylon  
  20  1:42  Probe  
  21  1:47  Assimilator  
  21  1:54  Probe  
  22  1:57  Stalker (Chrono Boost)  
  22  2:01  Warp Gate  
  24  2:06  Probe  
  25  2:18  Probe  
  25  2:20  Stalker  
  28  2:30  Probe  
  28  2:36  Twilight Council  
  29  2:42  Probe  
  30  2:44  Gateway  
  30  2:47  Probe  
  31  2:52  Stalker (Chrono Boost)  
  31  2:55  Probe  
  34  2:59  Probe  
  35  3:08  Probe, Blink (Chrono Boost)  
  35  3:11  Probe  
  37  3:20  Probe  
  37  3:23  Probe  
  39  3:32  Robotics Facility, Probe  
  39  3:33  Gateway  
  40  3:35  Probe  
  40  3:38  Shield Battery  
  41  3:44  Probe  
  41  3:46  Pylon  
  41  3:48  Probe  
  43  3:52  Stalker  
  45  3:56  Probe  
  46  4:04  Probe  
  46  4:08  Probe  
  48  4:11  Pylon  
  48  4:12  Stalker  
  48  4:17  Probe  
  51  4:21  Stalker  
  52  4:25  Probe  
  52  4:29  Probe  
  52  4:30  Stalker  
  55  4:34  Warp Prism (Chrono Boost)  
  57  4:48  Nexus  
  57  4:51  Pylon  
  57  4:54  Probe x2  
  57  4:58  Assimilator  
  59  5:01  Assimilator  
  59  5:04  Shield Battery  
  59  5:06  Observer (Chrono Boost)  
  60  5:08  Stalker  
  60  5:09  Probe  
  60  5:10  Probe  
  60  5:12  Charge (Chrono Boost)  
  64  5:23  Stalker  
  64  5:27  Probe x2  
  63  5:39  Probe  
  63  5:40  Probe  
  63  5:43  Pylon  
  63  5:44  Stalker x2  
  63  5:45  Stalker  
  69  5:52  Probe  
  69  5:55  Observer  
  70  6:00  Probe  
  70  6:04  Gateway  
  71  6:07  Gateway  
  69  6:15  Probe  
  69  6:16  Probe  
  67  6:21  Gateway x2  
  67  6:27  Probe  
  67  6:28  Probe x2, Gateway  
  70  6:37  Zealot x3  
  70  6:39  Immortal (Chrono Boost)  
  76  6:45  Shield Battery  
  80  6:48  Pylon  
  80  6:53  Pylon  
  80  7:03  Zealot x5  
  84  7:25  Zealot x8  
  84  7:26  Templar Archives  
  100  7:34  Pylon  
  100  7:39  Pylon  
  100  7:41  Shield Battery  
  89  7:46  Zealot x4  
  68  7:53  Sentry  
  68  7:54  Sentry  
  68  7:55  Stalker x2  
  58  8:11  High Templar x2  
  58  8:12  High Templar x2  
  64  8:15  Archon x2  
  64  8:17  Zealot x2  
  64  8:18  Zealot x2  
  70  8:23  Assimilator  
  70  8:24  Pylon  
  62  8:39  High Templar x4  
  62  8:40  Zealot x3  
  76  8:44  Archon x2  
  76  8:54  Nexus  
  76  9:02  Psionic Storm  
  76  9:08  Probe x2  
  78  9:15  Zealot x3  
  84  9:24  Probe  
  85  9:26  Probe  
  76  9:46  Zealot x4, High Templar x2  
  76  9:52  Shield Battery  
  86  10:00  Zealot x2  
  78  10:07  Zealot x2  
Tags
 
Add a new tag
Caveats
  • Supply blocks, unpowered buildings, or Contaminate may cause inaccurate times.
  • Supply counts are checked every 10 seconds.